Unix NetHack Version 3.7.0-102 Work-in-progress - last build Apr 6 2024 13:22:21 (d302a6a9ff6341f1a922d8f5af178406b35fdf99,branch:master). Game began 2024-04-13 18:56:49, ended 2024-04-18 15:37:33. laycre, lawful male human Samurai -------- |......| ..<....| |......| ### .......| ## |......| a@`#####.......| -------- Laycre the Ninja St:11 Dx:16 Co:17 In:10 Wi:8 Ch:8 Lawful Dlvl:8 $:296 HP:0(57) Pw:23(23) AC:-2 Xp:7/723 T:3792 Burdened Latest messages: You see here a figurine of a purple worm. You have a little trouble lifting N - a figurine of a purple worm. The tengu appears next to you! With great effort you move the boulder. You hit the yeti! The yeti hits! The yeti just misses! The yeti bites! You miss the yeti. The yeti misses! The yeti misses! The yeti misses! You hit the yeti. You hit the yeti! The yeti hits! The yeti hits again! The yeti bites! The yeti misses! The yeti hits! The yeti misses! You kill the yeti! You see here a yeti corpse. The soldier ant misses! The soldier ant misses! You miss the soldier ant. The soldier ant bites! The soldier ant stings! The soldier ant bites! The soldier ant stings! You hit the soldier ant! The soldier ant misses! The soldier ant misses! The soldier ant bites! The soldier ant misses! What do you want to zap? [hv or ?*] ? In what direction? h The wand misses the soldier ant. The soldier ant misses! The soldier ant misses! The soldier ant misses! The soldier ant stings! You hit the soldier ant. The soldier ant bites! The soldier ant stings! The soldier ant bites! The soldier ant stings! The soldier ant's sting was poisoned! You die... Do you want your possessions identified? [ynq] (y) y Do you want to see your attributes? [ynq] (y) q Inventory: Coins ('$') $ - 296 gold pieces Weapons (')') T - 9 uncursed +0 arrows d - 33 uncursed +0 ya (in quiver) c - a blessed +0 yumi (alternate weapon; not wielded) a - an uncursed +0 katana (weapon in right hand) b - an uncursed +0 wakizashi Armor ('[') Q - an uncursed +2 pair of iron shoes (being worn) D - an uncursed +0 elven shield (being worn) R - an uncursed +0 dwarvish cloak (being worn) e - an uncursed rustproof +0 splint mail (being worn) Comestibles ('%') Z - an uncursed guava r - an uncursed banana K - an uncursed cram ration H - 4 uncursed gunyoki L - 2 uncursed tripe rations Scrolls ('?') G - a cursed scroll of create monster F - an uncursed scroll of gold detection Potions ('!') M - an uncursed potion of see invisible I - an uncursed potion of speed Rings ('=') x - an uncursed ring of levitation Wands ('/') v - an uncursed wand of digging (0:7) h - an uncursed wand of striking (0:1) Tools ('(') t - an uncursed blindfold E - an uncursed blindfold N - an uncursed figurine of a purple worm l - an uncursed oil lamp y - an uncursed oil lamp J - an uncursed +0 unicorn horn Laycre the Samurai's attributes: Background: You were a Ninja, a level 7 male human Samurai. You were lawful, on a mission for Amaterasu Omikami who was opposed by Raijin (neutral) and Susanowo (chaotic). You were right-handed. You were in the Dungeons of Doom, on level 8. You entered the dungeon 3792 turns ago. You had 723 experience points, 557 more were needed to attain level 8. Basics: You had 0 out of 57 hit points. You had all 23 energy points (spell power). Your armor class was -2. Your wallet contained 296 zorkmids. Autopickup was on for '$=/!?"' plus thrown, with exceptions. Final Characteristics: Your strength was 11 (peak:15, limit:18/100). Your dexterity was 16 (limit:18). Your constitution was 17 (peak:18, limit:18). Your intelligence was 10 (limit:18). Your wisdom was 8 (limit:18). Your charisma was 8 (limit:18). Final Status: You weren't hungry. You were burdened; movement was slightly slowed. You were wielding a long sword. You were skilled in long sword. Final Attributes: You were piously aligned. Your items were somewhat protected from fire. Your items were somewhat protected from cold. You were telepathic. You were warded. You were fast. You are dead. Miscellaneous: You never encountered a bones level. Total elapsed playing time was 41 minutes and 25 seconds. Major events: Turn 1: laycre the lawful male human Samurai entered the dungeon 1138: entered the Gnomish Mines 1289: attained the rank of Ronin (level 3) 2073: reached Mine Town 2271: attained the rank of Ninja (level 6) 3792: killed by a soldier ant Vanquished creatures: a gnome ruler an orc mummy a yeti a black unicorn 3 snakes an ape 2 Woodland-elves an imp a fog cloud 2 gnome leaders 3 gnomish wizards a gray ooze a little dog a floating eye 3 dwarves a rabid rat 2 giant bats a monkey 2 wererats 3 iguanas 2 acid blobs a coyote a gas spore a hobbit a manes 7 giant rats 2 cave spiders 15 gnomes a gnome zombie 4 geckos 6 jackals 2 goblins 3 sewer rats 3 grid bugs 3 lichens 6 newts 90 creatures vanquished. No species were genocided or became extinct. Voluntary challenges: You read items or engraved 3 times. You engraved Elbereth 1 time. You never genocided any monsters. You never polymorphed an object. You never changed form. You used no wishes. Achievements: You entered the Gnomish Mines. You attained the rank of Ronin. You entered a shop. You entered Minetown. You entered a temple. You attained the rank of Ninja. The Dungeons of Doom: levels 1 to 8 Level 1: "vault" A sink. Level 2: Level 3: Level 4: "vault" A fountain. Stairs down to The Gnomish Mines. Level 5: An altar to Amaterasu Omikami. Level 6: "vault, stash in chest" Level 7: Level 8: <- You were here. Final resting place for you, killed by a soldier ant. The Gnomish Mines: levels 5 to 7 Level 5: "mines not fully explored" Level 6: Level 7: A lighting shop, a temple and an altar, some fountains. Game over: ---------- / \ / REST \ / IN \ / PEACE \ / \ | laycre | | 296 Au | | killed by a | | soldier ant | | | | | | 2024 | *| * * * | * _________)/\\_//(\/(/\)/\//\/|_)_______ Sayonara laycre the Samurai... You died in The Dungeons of Doom on dungeon level 8 with 3529 points, and 296 pieces of gold, after 3792 moves. You were level 7 with a maximum of 57 hit points when you died.